AoeStats
← Lil Fabrice

Arena

509894368Analyzed
4v4 RM · 5d ago on Sep 28, 2026· 47m 12s· 8 players
Game mode
Random Map
Map size
Large (8 player)
Population
200
Speed
Normal
Resources
Standard
Victory
Conquest
Starting age
Dark Age
Ending age
Imperial Age
RankedLock teamsTeams togetherTeam positionsShared explorationLock speedFull tech treeHidden civsTurbo modeCheats
Victory
Defeat
🇹🇼 Varangians · Taiwan
1658
+12
🇦🇷 Goths · Argentina
1598
+14
🇹🇼 Spanish · Taiwan
1586
+15
🇹🇼 Spanish · Taiwan
1521
+17
🇹🇼 Armenians · Taiwan
1589
-16
🇫🇷 Dravidians · France
1586
-16
🇫🇷 Bulgarians · France
1542
-14
🇨🇳 Cumans · China
1507
-12
Lil Fabrice
9:12 Feudal Age
13:17 Castle Age
11:19 Double-Bit Axe
12:07 Horse Collar
14:26 Bow Saw
19:00 Wheelbarrow
21:06 Hand Cart
21:44 Loom
21:59 Fletching
27:47 Padded Archer Armor
28:43 Town Watch
29:06 Gold Mining
30:16 Bodkin Arrow
32:03 Fortified Wall
32:30 Thumb Ring
33:51 Ballistics
頭鐵投石機
8:03 Loom
9:49 Feudal Age
15:17 Castle Age
13:32 Double-Bit Axe
13:57 Horse Collar
16:39 Heavy Plow
20:35 Bow Saw
24:01 Fortified Wall
23:56 Gold Mining
31:34 Imperial Age
29:40 Wheelbarrow
28:54 Town Watch
29:24 Fletching
29:35 Padded Archer Armor
30:16 Ballistics
30:06 Bodkin Arrow
30:11 Stone Mining
31:24 Leather Archer Armor
32:21 Town Patrol
33:01 Conscription
32:44 Bracer
33:14 Hand Cart
32:45 Man-at-Arms
33:38 Fereters
33:39 Scale Mail Armor
33:50 Forging
33:28 Long Swordsman
33:54 Gambesons
34:10 Squires
33:59 Elite Composite Bowman
34:05 Two-Handed Swordsman
35:01 Chain Mail Armor
34:35 Arson
35:51 Iron Casting
35:34 Champion
37:16 Ring Archer Armor
38:45 Plate Mail Armor
39:15 Blast Furnace
39:35 Coinage
40:10 Chemistry
39:23 Masonry
39:25 Careening
39:53 Hoardings
44:54 Treadmill Crane
44:45 Onager
hoot
10:01 Feudal Age
10:57 Double-Bit Axe
10:53 Horse Collar
12:47 Wheelbarrow
12:02 Loom
16:42 Gold Mining
20:50 Castle Age
19:27 Stone Mining
22:03 Bow Saw
21:53 Heavy Plow
25:45 Imperial Age
23:42 Ballistics
23:27 Fletching
23:59 Bodkin Arrow
24:05 Padded Archer Armor
24:57 Steppe Husbandry
25:17 Leather Archer Armor
25:52 Town Watch
26:22 Hand Cart
26:48 Conscription
26:54 Bloodlines
26:54 Thumb Ring
27:15 Parthian Tactics
29:12 Chemistry
30:42 Elite Kipchak
31:53 Ring Archer Armor
47:09 Guilds
47:32 Masonry
JohnnySniper
10:53 Feudal Age
14:29 Castle Age
12:19 Double-Bit Axe
17:13 Wheelbarrow
21:41 Horse Collar
23:16 Heavy Plow
24:08 Bow Saw
24:29 Gold Mining
24:33 Stone Mining
27:00 Scale Barding Armor
27:05 Forging
26:46 Fletching
26:56 Scale Mail Armor
29:59 Imperial Age
28:26 Chain Barding Armor
28:42 Iron Casting
28:02 Bodkin Arrow
28:53 Gold Shaft Mining
28:57 Stone Shaft Mining
28:35 Stirrups
29:12 Bloodlines
29:03 Husbandry
30:44 Hand Cart
30:15 Loom
30:15 Town Watch
30:48 Hand Cart
30:14 Elite Konnik
31:16 Conscription
30:26 Capped Ram
32:05 Crop Rotation
32:16 Plate Barding Armor
32:42 Blast Furnace
32:06 Siege Ram
33:50 Ballistics
34:30 Chemistry
33:34 Bracer
35:28 Siege Engineers
35:55 Heavy Scorpion
37:04 Squires
36:49 Arson
36:50 Gambesons
37:23 Chain Mail Armor
38:41 Plate Mail Armor
TW_HIHAO
10:30 Feudal Age
11:52 Double-Bit Axe
14:25 Castle Age
12:14 Horse Collar
15:25 Bow Saw
15:23 Heavy Plow
19:51 Wheelbarrow
22:09 Hand Cart
21:59 Gold Mining
22:51 Stone Mining
25:09 Stone Shaft Mining
27:20 Imperial Age
24:56 Loom
24:57 Town Watch
26:01 Stone Shaft Mining
26:25 Scale Mail Armor
26:35 Forging
26:53 Ballistics
26:17 Treadmill Crane
27:33 Chain Mail Armor
27:30 Anarchy
28:31 Iron Casting
28:29 Conscription
28:19 Squires
28:04 Pikeman
30:24 Blast Furnace
29:12 Capped Ram
30:09 Perfusion
32:14 Chemistry
33:46 Ballistics
36:27 Man-at-Arms
37:01 Long Swordsman
37:26 Two-Handed Swordsman
37:46 Champion
43:45 Elite Huskarl
TW_andy.fet
11:13 Feudal Age
14:52 Castle Age
12:54 Double-Bit Axe
12:50 Horse Collar
14:15 Padded Archer Armor
16:00 Bow Saw
16:10 Leather Archer Armor
20:22 Gold Mining
21:13 Loom
27:26 Wheelbarrow
31:23 Imperial Age
28:39 Town Watch
30:25 Stone Mining
32:03 Wheelbarrow
33:14 Conscription
37:52 Hand Cart
39:42 Husbandry
40:51 Two-Man Saw
40:30 Stone Shaft Mining
39:57 Heavy Plow
44:20 Elite Conquistador
45:22 Bloodlines
44:32 Cavalier
45:47 Scale Barding Armor
45:52 Forging
46:39 Ring Archer Armor
TW_KA
12:34 Feudal Age
16:14 Castle Age
14:12 Horse Collar
14:21 Double-Bit Axe
18:01 Padded Archer Armor
19:40 Leather Archer Armor
37:28 Imperial Age
37:51 Wheelbarrow
38:25 Scale Barding Armor
38:31 Forging
38:49 Heavy Plow
39:02 Bow Saw
38:46 Gold Mining
40:04 Hand Cart
39:37 Cavalier
40:29 Bloodlines
40:20 Husbandry
42:14 Bloodlines
47:38 Chain Barding Armor
47:58 Iron Casting
TWNBS_Jian Hei
10:56 Feudal Age
11:57 Double-Bit Axe
14:55 Castle Age
12:44 Horse Collar
16:18 Bow Saw
16:09 Heavy Plow
20:44 Wheelbarrow
21:36 Gold Mining
21:42 Stone Mining
22:21 Loom
24:46 Forging
25:33 Stone Shaft Mining
27:40 Imperial Age
25:30 Scale Mail Armor
26:05 Hand Cart
26:43 Chain Mail Armor
27:03 Iron Casting
26:58 Town Watch
28:03 Treadmill Crane
27:46 Capped Ram
27:53 Elite Varangian Guard
29:51 Two-Man Saw
29:23 Crop Rotation
29:06 Squires
30:40 Plate Mail Armor
29:44 Siege Ram
31:08 Siege Engineers
31:36 Conscription
32:22 Plate Mail Armor
31:40 Arson
34:19 Blast Furnace
32:44 Pikeman
33:34 Halberdier
35:01 Heavy Scorpion
35:51 Gothikon
37:41 Crop Rotation
37:23 Guilds
38:47 Chemistry
40:45 Gambesons
42:31 Coinage
41:52 Onager
44:28 Banking
46:03 Ballistics
Connection lost

Rejoining the realm…

Still unreachable

The connection could not be restored.

Session expired

The server has moved on; the page needs a fresh start.